| TOP OF THE 1ST |
|
Birmingham Barons batting - Pitching for Midland RockHounds : RHP Mike Staus
|
|
Pitching: RHP Mike Staus
|
|
|
Batting: RHB Danny Heikkila
|
0-0: Called Strike 0-1: Called Strike 0-2: Ball 1-2: Strikes out swinging
|
|
Batting: SHB Veit Geisler
|
0-0: Ground out 6-3 (Groundball, 6M, EV 81.2 MPH)
|
|
Batting: SHB Ruben Velasco Jr.
|
0-0: Called Strike 0-1: Swinging Strike 0-2: Ball 1-2: Strikes out swinging
|
| Top of the 1st over - 0 runs, 0 hits, 0 errors, 0 left on base; Birmingham 0 - Midland 0 |
| BOTTOM OF THE 1ST |
|
Midland RockHounds batting - Pitching for Birmingham Barons : RHP Cortez Laris
|
|
Pitching: RHP Cortez Laris
|
|
|
Batting: RHB Chris Bohm
|
0-0: Called Strike 0-1: Fly out, F8 (Flyball, 8LD, EV 77.5 MPH)
|
|
Batting: RHB Chris Prinzing
|
0-0: Called Strike 0-1: Swinging Strike 0-2: Ball 1-2: Strikes out swinging
|
|
Batting: LHB Tom Raupp
|
0-0: Called Strike 0-1: Ball 1-1: DOUBLE (Groundball, 5L, EV 105.6 MPH)
|
|
Batting: LHB Chance Stever
|
0-0: Called Strike 0-1: Ball 1-1: Swinging Strike 1-2: Foul Ball, location: 2F 1-2: Strikes out looking
|
| Bottom of the 1st over - 0 runs, 1 hit, 0 errors, 1 left on base; Birmingham 0 - Midland 0 |
| TOP OF THE 2ND |
|
Birmingham Barons batting - Pitching for Midland RockHounds : RHP Mike Staus
|
|
Batting: LHB Carlos Ramirez
|
0-0: Ball 1-0: Ball 2-0: Foul Ball, location: 2F 2-1: Reached on error, E6 (Groundball, P, EV 85.0 MPH)
|
|
Batting: RHB Vic Lucatero
|
0-0: Called Strike 0-1: Called Strike 0-2: Ground out 6-3 (Groundball, 6D, EV 92.5 MPH)
|
|
Batting: RHB Ron Johansen
|
0-0: Ball 1-0: Called Strike 1-1: Foul Ball, location: 2F 1-2: Ball 2-2: Ball 3-2: Fly out, F2 (Popup, 3SF, EV 66.9 MPH)
|
|
Batting: LHB Matt Hyde
|
0-0: Fly out, F6 (Line Drive, 6, EV 66.9 MPH)
|
| Top of the 2nd over - 0 runs, 0 hits, 1 error, 1 left on base; Birmingham 0 - Midland 0 |
| BOTTOM OF THE 2ND |
|
Midland RockHounds batting - Pitching for Birmingham Barons : RHP Cortez Laris
|
|
Batting: RHB Matt Sherard
|
0-0: Ball 1-0: Foul Ball, location: 2F 1-1: Foul Ball, location: 2F 1-2: SINGLE (Groundball, 34D, EV 105.0 MPH)
|
|
Batting: RHB Don Burt
|
0-0: SINGLE (Groundball, 56D, EV 99.4 MPH) Matt Sherard to second
|
|
Batting: RHB Micah Roth
|
0-0: Called Strike 0-1: Fly out, F9 (Flyball, 9, EV 91.2 MPH)
|
|
Batting: LHB Robert Wilkins
|
0-0: Ball 1-0: Ball 2-0: Called Strike 2-1: Foul Ball, location: 2F 2-2: Strikes out swinging
|
|
Batting: RHB Larry Clark
|
0-0: Ball 1-0: Called Strike 1-1: Swinging Strike 1-2: Ball 2-2: Foul Ball, location: 2F 2-2: Ball 3-2: Strikes out swinging
|
| Bottom of the 2nd over - 0 runs, 2 hits, 0 errors, 2 left on base; Birmingham 0 - Midland 0 |
| TOP OF THE 3RD |
|
Birmingham Barons batting - Pitching for Midland RockHounds : RHP Mike Staus
|
|
Batting: RHB Jose Medina
|
0-0: Foul Ball, location: 2F 0-1: Ball 1-1: Foul Ball, location: 2F 1-2: Strikes out swinging
|
|
Batting: RHB Trevor Conklin
|
0-0: Called Strike 0-1: Ball 1-1: Ball 2-1: Foul Ball, location: 2F 2-2: Foul Ball, location: 2F 2-2: Ground out 2-3 (Groundball, 2L, EV 68.1 MPH)
|
|
Batting: RHB Danny Heikkila
|
0-0: Ball 1-0: Fly out, F7 (Flyball, 7S, EV 91.2 MPH)
|
| Top of the 3rd over - 0 runs, 0 hits, 0 errors, 0 left on base; Birmingham 0 - Midland 0 |
| BOTTOM OF THE 3RD |
|
Midland RockHounds batting - Pitching for Birmingham Barons : RHP Cortez Laris
|
|
Batting: RHB Chris Bohm
|
0-0: Foul Ball, location: 2F 0-1: Ball 1-1: Ball 2-1: Foul Ball, location: 2F 2-2: Ball 3-2: DOUBLE (Flyball, 8LXD, EV 98.1 MPH)
|
|
Batting: RHB Chris Prinzing
|
0-0: Called Strike 0-1: Ground out 1-3 (Groundball, P, EV 60.6 MPH) Chris Bohm to third
|
|
Batting: LHB Tom Raupp
|
0-0: Foul Ball, location: 2F 0-1: Ball 1-1: Fly out, F8 (Flyball, 8RS, EV 87.5 MPH)
|
|
Batting: LHB Chance Stever
|
0-0: Foul Ball, location: 2F 0-1: Ball 1-1: Ball 2-1: Called Strike 2-2: SINGLE (Groundball, 56D, EV 98.8 MPH) Chris Bohm scores
|
|
Batting: RHB Matt Sherard
|
0-0: Called Strike 0-1: Fly out, F9 (Flyball, 9LM, EV 71.9 MPH)
|
| Bottom of the 3rd over - 1 run, 2 hits, 0 errors, 1 left on base; Birmingham 0 - Midland 1 |
| TOP OF THE 4TH |
|
Birmingham Barons batting - Pitching for Midland RockHounds : RHP Mike Staus
|
|
Batting: SHB Veit Geisler
|
0-0: Called Strike 0-1: Ball 1-1: Swinging Strike 1-2: Strikes out looking
|
|
Batting: SHB Ruben Velasco Jr.
|
0-0: Called Strike 0-1: Foul Ball, location: 2F 0-2: Foul Ball, location: 2F 0-2: Ball 1-2: Ball 2-2: Hit by Pitch
|
|
Batting: LHB Carlos Ramirez
|
0-0: Called Strike 0-1: Called Strike 0-2: Foul Ball, location: 2F 0-2: Strikes out swinging
|
|
Batting: RHB Vic Lucatero
|
0-0: Called Strike 0-1: Ground out 4-3 (Groundball, 34S, EV 82.5 MPH)
|
| Top of the 4th over - 0 runs, 0 hits, 0 errors, 1 left on base; Birmingham 0 - Midland 1 |
| BOTTOM OF THE 4TH |
|
Midland RockHounds batting - Pitching for Birmingham Barons : RHP Cortez Laris
|
|
Batting: RHB Don Burt
|
0-0: Ball 1-0: Ball 2-0: Foul Ball, location: 2F 2-1: Called Strike 2-2: Ground out 3-1 (Groundball, 34, EV 81.2 MPH)
|
|
Batting: RHB Micah Roth
|
0-0: Ball 1-0: Ball 2-0: SINGLE (Line Drive, 9S, EV 98.8 MPH)
|
|
Batting: LHB Robert Wilkins
|
0-0: Called Strike 0-1: Grounds into double play, 5-4-3 (Groundball, 5, EV 114.4 MPH)
|
| Bottom of the 4th over - 0 runs, 1 hit, 0 errors, 0 left on base; Birmingham 0 - Midland 1 |
| TOP OF THE 5TH |
|
Birmingham Barons batting - Pitching for Midland RockHounds : RHP Mike Staus
|
|
Batting: RHB Ron Johansen
|
0-0: Ground out 6-3 (Groundball, 56, EV 88.1 MPH)
|
|
Batting: LHB Matt Hyde
|
0-0: Ground out 4-3 (Groundball, 4, EV 86.9 MPH)
|
|
Batting: RHB Jose Medina
|
0-0: Called Strike 0-1: Ball 1-1: Called Strike 1-2: Strikes out swinging
|
| Top of the 5th over - 0 runs, 0 hits, 0 errors, 0 left on base; Birmingham 0 - Midland 1 |
| BOTTOM OF THE 5TH |
|
Midland RockHounds batting - Pitching for Birmingham Barons : RHP Cortez Laris
|
|
Batting: RHB Larry Clark
|
0-0: Ball 1-0: Ball 2-0: Called Strike 2-1: SINGLE (Flyball, 9LS, EV 95.0 MPH)
|
|
Batting: RHB Chris Bohm
|
0-0: Called Strike 0-1: Ball 1-1: Ball 2-1: Foul Ball, location: 2F 2-2: Ball Larry Clark is caught stealing 2nd base 2-4 3-2: Ground out 6-3 (Groundball, 6, EV 110.6 MPH)
|
|
Batting: RHB Chris Prinzing
|
0-0: Ball 1-0: Foul Ball, location: 2F 1-1: Ball 2-1: SOLO HOME RUN (Line Drive, 7D, EV 101.2 MPH), Distance : 398 ft
|
|
Batting: LHB Tom Raupp
|
0-0: Swinging Strike 0-1: Called Strike 0-2: Strikes out swinging
|
| Bottom of the 5th over - 1 run, 2 hits, 0 errors, 0 left on base; Birmingham 0 - Midland 2 |
| TOP OF THE 6TH |
|
Birmingham Barons batting - Pitching for Midland RockHounds : RHP Mike Staus
|
|
Batting: RHB Trevor Conklin
|
0-0: Ground out 6-3 (Groundball, 6, EV 82.5 MPH)
|
|
Batting: RHB Danny Heikkila
|
0-0: Ball 1-0: Called Strike 1-1: Swinging Strike 1-2: Ball 2-2: Strikes out swinging
|
|
Batting: SHB Veit Geisler
|
0-0: Ball 1-0: Ground out 6-3 (Groundball, 6, EV 87.5 MPH)
|
| Top of the 6th over - 0 runs, 0 hits, 0 errors, 0 left on base; Birmingham 0 - Midland 2 |
| BOTTOM OF THE 6TH |
|
Midland RockHounds batting - Pitching for Birmingham Barons : RHP Cortez Laris
|
|
Batting: LHB Chance Stever
|
0-0: Called Strike 0-1: Ball 1-1: Ball 2-1: Foul Ball, location: 2F 2-2: Ball 3-2: Foul Ball, location: 2F 3-2: Base on Balls
|
|
Batting: RHB Matt Sherard
|
0-0: Called Strike 0-1: Ball 1-1: Foul Ball, location: 2F 1-2: Ball 2-2: Ground out 5-3 (Groundball, 56S, EV 66.9 MPH) Chance Stever to second
|
|
Pitching: LHP Matt Schwartz
|
|
|
Batting: RHB Don Burt
|
0-0: Foul Ball, location: 2F 0-1: Ball 1-1: Ball 2-1: Swinging Strike 2-2: Strikes out looking
|
|
Batting: RHB Micah Roth
|
0-0: Ball 1-0: Ball 2-0: Ball 3-0: Base on Balls
|
|
Batting: LHB Robert Wilkins
|
0-0: Foul Ball, location: 2F 0-1: Ball 1-1: Swinging Strike 1-2: Strikes out swinging
|
| Bottom of the 6th over - 0 runs, 0 hits, 0 errors, 2 left on base; Birmingham 0 - Midland 2 |
| TOP OF THE 7TH |
|
Birmingham Barons batting - Pitching for Midland RockHounds : RHP Mike Staus
|
|
Batting: SHB Ruben Velasco Jr.
|
0-0: Ball 1-0: Ball 2-0: Foul Ball, location: 2F 2-1: Foul Ball, location: 2F 2-2: Ball 3-2: Foul Ball, location: 2F 3-2: Ground out 5-3 (Groundball, 5, EV 84.4 MPH)
|
|
Batting: LHB Carlos Ramirez
|
0-0: Ball 1-0: Foul Ball, location: 2F 1-1: Fly out, F1 (Line Drive, P, EV 71.9 MPH)
|
|
Batting: RHB Vic Lucatero
|
0-0: Ground out 4-3 (Groundball, 4MS, EV 71.2 MPH)
|
| Top of the 7th over - 0 runs, 0 hits, 0 errors, 0 left on base; Birmingham 0 - Midland 2 |
| BOTTOM OF THE 7TH |
|
Midland RockHounds batting - Pitching for Birmingham Barons : LHP Matt Schwartz
|
|
Batting: RHB Larry Clark
|
0-0: Foul Ball, location: 2F 0-1: Ball 1-1: Ground out 6-3 (Groundball, 6, EV 85.0 MPH)
|
|
Batting: RHB Chris Bohm
|
0-0: Called Strike 0-1: Foul Ball, location: 2F 0-2: Ball 1-2: Ball 2-2: Foul Ball, location: 2F 2-2: Foul Ball, location: 2F 2-2: Strikes out swinging
|
|
Batting: RHB Chris Prinzing
|
0-0: Foul Ball, location: 2F 0-1: Foul Ball, location: 2F 0-2: Ball 1-2: Ball 2-2: Ball 3-2: Foul Ball, location: 2F 3-2: Foul Ball, location: 2F 3-2: Foul Ball, location: 2F 3-2: Foul Ball, location: 2F 3-2: Strikes out swinging
|
| Bottom of the 7th over - 0 runs, 0 hits, 0 errors, 0 left on base; Birmingham 0 - Midland 2 |
| TOP OF THE 8TH |
|
Birmingham Barons batting - Pitching for Midland RockHounds : RHP Mike Staus
|
|
Batting: RHB Ron Johansen
|
0-0: Called Strike 0-1: Foul Ball, location: 2F 0-2: Ball 1-2: Foul Ball, location: 2F 1-2: Ball 2-2: Ball 3-2: Ground out 5-3 (Groundball, 56, EV 81.9 MPH)
|
|
Batting: LHB Matt Hyde
|
0-0: Ball 1-0: Called Strike 1-1: Ball 2-1: SINGLE (Flyball, 7LS, EV 91.9 MPH)
|
|
Batting: RHB Jose Medina
|
0-0: Ball 1-0: Foul Ball, location: 2F 1-1: Swinging Strike 1-2: Foul Ball, location: 2F 1-2: Foul Ball, location: 2F 1-2: Foul Ball, location: 2F 1-2: SINGLE (Line Drive, 6M, EV 95.0 MPH) Matt Hyde to second
|
|
Pinch Hitting: LHB Jason Bell
|
0-0: Swinging Strike Balk! Matt Hyde to third Jose Medina to second 0-1: Ball 1-1: DOUBLE (Groundball, 3L, EV 94.4 MPH) Matt Hyde scores Jose Medina scores
|
|
Pitching: LHP Alex Villagran
|
|
|
Batting: RHB Danny Heikkila
|
0-0: Called Strike 0-1: Ball 1-1: Reached on error, E6 (Groundball, 56D, EV 108.8 MPH) Jason Bell to third
|
|
Batting: SHB Veit Geisler
|
0-0: Ball 1-0: Ball 2-0: Reached on error, E5 (Groundball, 6S, EV 75.6 MPH) Jason Bell scores Danny Heikkila to third
|
|
Batting: SHB Ruben Velasco Jr.
|
0-0: Intentional Walk
|
|
Batting: LHB Carlos Ramirez
|
0-0: Called Strike 0-1: Swinging Strike 0-2: Ball 1-2: Ball 2-2: Ball 3-2: SINGLE (Line Drive, 4D, EV 98.8 MPH) Danny Heikkila scores Veit Geisler to third Ruben Velasco Jr. to second Runner from 3rd tries for Home, throw by CF and OUT! 8-2
|
|
Batting: RHB Vic Lucatero
|
0-0: Fly out, F7 (Flyball, 78S, EV 89.4 MPH)
|
| Top of the 8th over - 4 runs, 4 hits, 2 errors, 2 left on base; Birmingham 4 - Midland 2 |
| BOTTOM OF THE 8TH |
|
Midland RockHounds batting - Pitching for Birmingham Barons : LHP Matt Schwartz
|
|
Pitching: LHP James Reynolds
|
|
|
Now at 3B: Dalton Silveira
|
|
|
Now at SS: Veit Geisler
|
|
|
Batting: LHB Tom Raupp
|
0-0: Foul Ball, location: 2F 0-1: Ball 1-1: Ball 2-1: Ground out 4-3 (Groundball, 4, EV 87.5 MPH)
|
|
Batting: RHB Gojko Golob
|
0-0: Called Strike 0-1: Ground out 1-3 (Groundball, 13S, EV 66.2 MPH)
|
|
Batting: RHB Matt Sherard
|
0-0: SINGLE (Groundball, 6MS, EV 67.5 MPH) (infield hit)
|
|
Batting: RHB Don Burt
|
0-0: DOUBLE (Line Drive, 8RXD, EV 109.4 MPH) Matt Sherard to third Runner from 3rd tries for Home, SAFE, no throw by CF
|
|
Batting: RHB Micah Roth
|
0-0: Swinging Strike 0-1: Ball 1-1: Foul Ball, location: 2F 1-2: Ground out 5-3 (Groundball, 56, EV 84.4 MPH)
|
| Bottom of the 8th over - 1 run, 2 hits, 0 errors, 1 left on base; Birmingham 4 - Midland 3 |
| TOP OF THE 9TH |
|
Birmingham Barons batting - Pitching for Midland RockHounds : LHP Alex Villagran
|
|
Batting: RHB Ron Johansen
|
0-0: Swinging Strike 0-1: Ball 1-1: Swinging Strike 1-2: Strikes out swinging
|
|
Batting: LHB Matt Hyde
|
0-0: Ball 1-0: Swinging Strike 1-1: Foul Ball, location: 2F 1-2: Ball 2-2: Foul Ball, location: 2F 2-2: Strikes out swinging
|
|
Batting: RHB Jose Medina
|
0-0: Ball 1-0: Foul Ball, location: 2F 1-1: Foul Ball, location: 2F 1-2: Foul Ball, location: 2F 1-2: Ball 2-2: Fly out, F5 (Line Drive, 56, EV 68.8 MPH)
|
| Top of the 9th over - 0 runs, 0 hits, 0 errors, 0 left on base; Birmingham 4 - Midland 3 |
| BOTTOM OF THE 9TH |
|
Midland RockHounds batting - Pitching for Birmingham Barons : LHP James Reynolds
|
|
Pitching: LHP Amari Miller
|
|
|
Batting: LHB Robert Wilkins
|
0-0: Ball 1-0: Ball 2-0: Ball 3-0: Foul Ball, location: 2F 3-1: Swinging Strike 3-2: Strikes out looking
|
|
Batting: RHB Larry Clark
|
0-0: Ball 1-0: Ball 2-0: Fly out, F9 (Line Drive, 9, EV 92.5 MPH)
|
|
Batting: RHB Chris Bohm
|
0-0: Ball 1-0: Ball 2-0: Ground out 5-3 (Groundball, 5, EV 83.1 MPH)
|
| Bottom of the 9th over - 0 runs, 0 hits, 0 errors, 0 left on base; Birmingham 4 - Midland 3 |
|